Unix NetHack Version 5.0.0-0 post-release - last build May 23 2026 06:08:33 (1c0ff79ee797540d5714e4e18072db0edd9e58ae,branch:main).

Game began 2026-05-28 19:23:53, ended 2026-05-28 21:08:27.

CyberFan, chaotic male orcish Rogue

                                --------   ----
                                |......-----).|
                                |.......)g@)..|
                                |......------^|
                                |......|    |.|
                                |----.------|.|
                                |.[...|....||.|
                                |.....|00..||.|
                                |..........-|.|
                                |....---...>|<|
                                ------ --------

CyberFan the Rogue      St:17 Dx:15 Co:14 In:10 Wi:11 Ch:11  Chaotic
Dlvl:6  $:386 HP:0(49) Pw:28(28) AC:0  Xp:9/2747 T:11696 

Latest messages:
 The 1st dagger hits the scorpion.
 The 2nd dagger hits the scorpion.
 The 3rd dagger hits the scorpion!
 You kill the scorpion!
 a - 5 uncursed daggers (at the ready) (8 in total).
 a - an uncursed dagger (at the ready) (9 in total).
 You see here a mummy wrapping.
 You descend the stairs.
 Where do you want to travel to?
 (For instructions type a '?')
 Click!  You trigger a rolling boulder trap!
 No boulder was released.
 Click!  The mumak triggers a rolling boulder trap.
 In what direction?
 You throw 2 daggers.
 The 1st dagger hits the mumak.
 The 2nd dagger misses the mumak.
 In what direction?
 You throw 4 daggers.
 The 1st dagger hits the mumak!
 The 2nd dagger hits the mumak.
 The 3rd dagger hits the mumak.
 The 4th dagger hits the mumak.
 In what direction?
 You throw 3 daggers.
 The 1st dagger hits the mumak.
 The 2nd dagger hits the mumak.
 The 3rd dagger hits the mumak.
 You ready: j - an uncursed dagger.
 In what direction?
 You kill the mumak!
 You see here 2 uncursed rusty daggers.
 j - an uncursed dagger (at the ready).
 You see here a mumak corpse.
 There is a mumak corpse here; eat it? [ynq] (n)
 This mumak corpse is fatty.
 You stop eating the mumak corpse.
 There is a partly eaten mumak corpse here; eat it? [ynq] (n)
 You resume your meal.
 Click!  The gargoyle triggers a rolling boulder trap.
 You stop eating the mumak corpse.
 The gargoyle hits!
 The gargoyle hits again!
 The gargoyle bites!
 You miss the gargoyle.
 You miss the gargoyle.
 The gargoyle hits!
 The gargoyle hits again!
 The gargoyle bites!
 You die...

Inventory:
 Coins    ('$')
  $ - 386 gold pieces
 Weapons  (')')
  K - 3 blessed +0 daggers named 1 (wielded in left hand)
  j - an uncursed +2 dagger (at the ready)
  S - an uncursed +0 elven dagger (wielded in right hand)
  Y - the uncursed +0 Sting
 Armor    ('[')
  J - an uncursed +0 helmet (being worn)
  x - an uncursed +0 pair of iron shoes (being worn)
  E - an uncursed +0 cloak of displacement (being worn)
  R - an uncursed +0 dwarvish mithril-coat (being worn)
 Scrolls  ('?')
  C - an uncursed scroll of blank paper
  N - an uncursed scroll of create monster
  O - 2 uncursed scrolls of destroy armor
  w - a blessed scroll of earth
  s - an uncursed scroll of earth
  q - an uncursed scroll of fire
  r - an uncursed scroll of genocide
  V - an uncursed scroll of identify
  y - an uncursed scroll of magic mapping
  h - 2 uncursed scrolls of remove curse
  k - an uncursed scroll of teleportation
 Potions  ('!')
  Q - an uncursed potion of confusion
  i - an uncursed potion of fruit juice
  W - an uncursed potion of healing
  G - a cursed potion of object detection
  Z - a cursed potion of see invisible
  d - an uncursed potion of sickness
  c - an uncursed potion of speed
  F - a cursed potion of speed
  B - an uncursed potion of water
 Rings    ('=')
  z - an uncursed ring of cold resistance
  v - an uncursed ring of searching
  p - an uncursed ring of shock resistance
  U - an uncursed ring of shock resistance
  M - a cursed ring of sustain ability
 Wands    ('/')
  D - an uncursed wand of create monster (0:11)
  u - an uncursed wand of enlightenment (0:12)
  n - an uncursed wand of fire (0:4)
  m - an uncursed wand of lightning (0:5)
  H - an uncursed wand of opening (0:5)
 Tools    ('(')
  f - an empty uncursed sack
  l - an uncursed bag of tricks (0:12)
  g - an uncursed blindfold
  e - an uncursed lock pick
  t - a cursed magic lamp
  T - a cursed magic lamp
  L - an uncursed magic whistle
 Gems/Stones  ('*')
  I - 2 uncursed fluorite stones
  A - an uncursed jasper stone
  b - an uncursed obsidian stone
  P - an uncursed worthless piece of blue glass
  X - an uncursed worthless piece of yellowish brown glass

CyberFan the Rogue's attributes:

Background:
 You were a Rogue, level 9 male orc.
 You were chaotic, on a mission for Kos
 who was opposed by Issek (lawful) and Mog (neutral).
 You were right-handed.
 You were in Sokoban, on level 6.
 You entered the dungeon 11696 turns ago.
 You had 2747 experience points, 2373 more were needed to attain level 10.

Basics:
 You had 0 out of 49 hit points.
 You had all 28 energy points (spell power).
 Your armor class was 0.
 Your wallet contained 386 zorkmids.
 Autopickup was on for '$%?!"=/*' plus thrown, with exceptions.

Final Characteristics:
 Your strength was 17 (limit:18/50).
 Your dexterity was 15 (peak:17, limit:18).
 Your constitution was 14 (limit:18).
 Your intelligence was 10 (limit:16).
 Your wisdom was 11 (limit:16).
 Your charisma was 11 (limit:16).

Final Status:
 You weren't hungry.
 You were unencumbered.
 You were wielding two weapons at once.
 Your skill in dagger was limited by being skilled with two weapons.

Final Attributes:
 You were piously aligned.
 You were poison resistant.
 You were telepathic.
 You had infravision.
 You were displaced.
 You were stealthy.
 You were guarded.
 You are dead.

Miscellaneous:
 You disabled loading and storing of bones levels.
 Total elapsed playing time was 1 hour, 44 minutes and 34 seconds.

Major events:
 Turn
    1: CyberFan the chaotic male orcish Rogue entered the dungeon
  865: attained the rank of Cutpurse (level 3)
 1166: entered the Gnomish Mines
 3056: attained the rank of Rogue (level 6)
 3070: reached Mine Town
 4746: entered Sokoban
 5145: completed 1st Sokoban level
 6420: entered the Bigroom
 7244: chose an elven dagger to be named "Sting"
 7951: completed 2nd Sokoban level
 8442: completed 3rd Sokoban level
11696: killed by a gargoyle

You didn't know any spells.

Skills:
 Fighting Skills
   bare handed combat [Unskilled]
   two weapon combat  [Skilled]
   riding             [Unskilled]
 Weapon Skills
   dagger             [Expert]
   knife              [Unskilled]
   short sword        [Basic]
   broadsword         [Unskilled]
   long sword         [Unskilled]
   two-handed sword   [Unskilled]
   saber              [Unskilled]
   club               [Unskilled]
   mace               [Unskilled]
   morning star       [Unskilled]
   flail              [Unskilled]
   hammer             [Unskilled]
   polearms           [Unskilled]
   spear              [Unskilled]
   crossbow           [Unskilled]
   dart               [Unskilled]
   shuriken           [Unskilled]
 Spellcasting Skills
   divination spells  [Unskilled]
   escape spells      [Unskilled]
   matter spells      [Unskilled]

Voluntary challenges:
 Character rerolling was not enabled.
 You never genocided any monsters.
 You never polymorphed an object.
 You never changed form.
 You used no wishes.
 You violated the special Sokoban rules once.
Achievements:
 You entered a shop.
 You attained the rank of Cutpurse.
 You entered the Gnomish Mines.
 You attained the rank of Rogue.
 You entered Minetown.
 You entered a temple.
 You entered Sokoban.
 You entered the Big Room.

 The Dungeons of Doom: levels 1 to 11
    Level 1:
       A grave.
    Level 2:
       A general store.
    Level 3:
       A general store, a fountain.
       Stairs down to The Gnomish Mines.
    Level 4:
    Level 5:
       Some fountains.
    Level 6:
       Many fountains.
    Level 7:
       A fountain.
       Stairs up to Sokoban, level 6.
    Level 8:
    Level 9:
       Some fountains.
    Level 10:
    Level 11:
       A very big room.
 The Gnomish Mines: levels 4 to 7
    Level 4:
    Level 5:
    Level 6:
       Many shops, a temple and an altar, a fountain.
    Level 7:
 Sokoban: levels 6 up to 3
    Level 3:
       Unsolved.
    Level 4:
       Solved.
    Level 5:
       Solved.
    Level 6: <- You were here.
       Solved.
       Final resting place for
          you, killed by a gargoyle.


Vanquished creatures:
  a ghost
  a warg
  a quantum mechanic
  a large cat
  a tiger
  2 red nagas
  a leather golem
  a Grey-elf
  a chameleon
  2 giant beetles
  a wolf
  a lynx
  2 leprechauns
 an orc-captain
  2 mumakil
  a giant spider
  a scorpion
 an ice vortex
  a vampire bat
 an orc mummy
  a dwarf mummy
  a rust monster
 an owlbear
  a gold golem
  a werewolf
  4 lizards
  2 dogs
  2 blue jellies
  a raven
  3 gnome mummies
  a snake
  4 apes
  a human zombie
  a Woodland-elf
  2 soldier ants
  a wood nymph
  a water nymph
  3 mountain nymphs
  a Mordor orc
  a pony
  2 fog clouds
  a yellow light
  a violet fungus
  4 gnome leaders
  2 gnomish wizards
  a kobold mummy
  2 gray oozes
  2 elf zombies
  a ghoul
  a straw golem
  a paper golem
  a baby crocodile
  3 giant ants
  2 little dogs
  2 floating eyes
  a kitten
  8 dwarves
  a homunculus
  2 kobold leaders
  a kobold shaman
  4 rothes
  a rabid rat
  4 centipedes
  5 monkeys
 an orc zombie
  4 dwarf zombies
  3 werejackals
  5 iguanas
  8 killer bees
  2 acid blobs
  3 hobbits
  3 manes
  a large kobold
  a hobgoblin
  7 giant rats
  8 cave spiders
  2 yellow molds
  2 green molds
  a red mold
 34 gnomes
  4 garter snakes
  a gnome zombie
 10 geckos
  9 jackals
  5 foxes
  2 kobolds
  5 goblins
  2 sewer rats
  4 grid bugs
  6 bats
  5 lichens
  3 kobold zombies
 10 newts
261 creatures vanquished.

No species were genocided or became extinct.

Game over:
                       ----------
                      /          \
                     /    REST    \
                    /      IN      \
                   /     PEACE      \
                  /                  \
                  |     CyberFan     |
                  |      386 Au      |
                  |   killed by a    |
                  |     gargoyle     |
                  |                  |
                  |                  |
                  |       2026       |
                 *|     *  *  *      | *
        _________)/\\_//(\/(/\)/\//\/|_)_______

Goodbye CyberFan the Rogue...

You died in Sokoban on dungeon level 6 with 11906 points,
and 386 pieces of gold, after 11696 moves.
You were level 9 with a maximum of 49 hit points when you died.

